Map: Dasan Station LE

Players

Tenonee - Winner!

  • Race: Terran Terran
  • League: Platinum

fAsAle

  • Race: Terran Terran
  • League: Platinum

VOD

Have the link to the VOD?

Description

Time

  • Played on: July 23, 2016, 6:42 a.m.
  • Length: 6:59
Show
View Real Time Build Order
Export as new Build Order

Tenonee Terran - Winner!

Build Orders: Reaper Expand 

Get SALT Encoding   

  12  0:01  SCV  
  13  0:13  SCV  
  14  0:17  Supply Depot  
  14  0:25  SCV  
  15  0:39  SCV  
  15  0:42  Barracks  
  16  0:46  Refinery  
  16  0:51  SCV  
  17  1:03  SCV  
  18  1:12  Supply Depot  
  18  1:15  SCV  
  19  1:30  Orbital Command  
  19  1:31  Reaper  
  20  1:48  Command Center  
  20  1:55  SCV  
  21  2:07  Factory  
  21  2:08  SCV  
  21  2:10  Marine  
  23  2:20  SCV  
  24  2:33  SCV  
  25  2:45  SCV  
  25  2:52  Refinery  
  25  2:54  Barracks Tech Lab  
  25  2:55  Factory Tech Lab, Barracks  
  25  2:56  Barracks  
  25  2:57  SCV  
  26  3:01  Orbital Command  
  26  3:09  SCV  
  27  3:15  Siege Tank  
  30  3:21  SCV  
  31  3:31  SCV  
  31  3:33  Stimpack, SCV  
  33  3:34  Marine  
  34  3:43  Barracks Reactor, SCV  
  34  3:45  Marine, SCV  
  37  3:52  Marine  
  37  3:53  Supply Depot  
  37  3:55  SCV  
  39  3:57  SCV  
  40  4:03  Marine  
  40  4:07  SCV  
  40  4:08  Starport  
  40  4:09  SCV  
  42  4:18  Marine  
  42  4:19  SCV  
  42  4:21  SCV, Refinery  
  42  4:23  Barracks Reactor  
  42  4:24  Marine x2  
  47  4:31  SCV  
  47  4:34  SCV  
  47  4:35  Supply Depot  
  47  4:36  Supply Depot, Marine  
  47  4:38  Siege Tank  
  53  4:43  SCV  
  54  4:55  Barracks Reactor  
  54  4:57  SCV x2  
  56  5:00  Supply Depot  
  56  5:02  Supply Depot  
  56  5:07  Marine x3, Refinery  
  56  5:09  SCV x2  
  56  5:11  Engineering Bay  
  61  5:18  Medivac x2  
  61  5:21  SCV x2  
  67  5:25  Engineering Bay, Marine  
  68  5:30  Marine  
  68  5:31  Marine x2  
  68  5:33  SCV x2  
  73  5:45  SCV  
  74  5:53  Marine x2  
  74  5:54  Marine x3  
  74  5:55  Medivac, Siege Tank  
  83  6:11  Marine x3  
  83  6:17  Supply Depot  
  83  6:18  Supply Depot  
  86  6:19  Marine  
  86  6:20  Supply Depot  
  86  6:29  Command Center  
Show
View Real Time Build Order
Export as new Build Order

fAsAle Terran 

Build Orders:  

Get SALT Encoding   

  12  0:01  SCV  
  13  0:13  SCV  
  14  0:18  Supply Depot  
  14  0:25  SCV  
  15  0:39  SCV  
  15  0:41  Barracks  
  16  0:48  Refinery  
  16  0:51  SCV  
  17  1:04  SCV  
  18  1:16  SCV  
  19  1:30  Orbital Command  
  20  1:32  Reaper  
  20  1:45  Command Center  
  20  1:51  Supply Depot  
  20  1:56  SCV  
  20  1:59  Refinery  
  21  2:09  SCV  
  21  2:12  Barracks Reactor  
  22  2:21  SCV  
  23  2:28  Factory  
  23  2:40  SCV  
  24  2:49  Marine x2  
  26  2:53  SCV  
  27  3:03  SCV  
  27  3:05  SCV  
  29  3:12  Barracks  
  29  3:14  Barracks  
  29  3:18  Supply Depot  
  29  3:22  Barracks Tech Lab, Hellion  
  29  3:23  Hellion  
  29  3:25  Orbital Command  
  29  3:26  SCV  
  34  3:38  SCV  
  35  3:44  Hellion x2  
  35  3:46  Stimpack  
  39  3:50  Supply Depot  
  39  3:51  SCV  
  39  3:53  SCV  
  41  4:03  SCV  
  42  4:11  Hellion x2  
  42  4:12  Barracks Reactor x2  
  42  4:15  Engineering Bay, SCV  
  47  4:28  Starport, Refinery  
  47  4:31  Refinery  
  47  4:34  SCV  
  47  4:35  Engineering Bay, SCV  
  49  4:46  SCV  
  49  4:47  SCV  
  47  4:59  Terran Infantry Weapons Level 1  
  47  5:02  Marine  
  47  5:03  Marine x3, Barracks  
  47  5:04  Marauder  
  47  5:06  SCV x2  
  55  5:10  Factory Tech Lab  
  55  5:17  Starport Reactor  
  55  5:18  SCV x2  
  57  5:30  SCV x2  
  59  5:40  Marine x3  
  62  5:49  Command Center  
  62  5:52  SCV  
  57  6:09  Supply Depot  
  57  6:10  Supply Depot x2  
  57  6:11  Supply Depot  
  57  6:15  Siege Tank  
  57  6:16  Marauder  
  62  6:21  Marine, SCV  
  56  6:32  Marine x2  
  56  6:33  Marine, SCV  
  56  6:37  Marine  
  60  6:40  Marine  
Tags
 
Add a new tag
Caveats
  • Supply blocks, unpowered buildings, or Contaminate may cause inaccurate times.
  • Supply counts are checked every 10 seconds.